 Dungeon Crawl Stone Soup version 0.28-a0-883-gc8d7bad45d (webtiles) character file.

Game seed: 6579107412666886201

8076 pokeman the Thaumaturge (level 11, -3/60 HPs)
             Began as a Deep Elf Hedge Wizard on Nov 21, 2021.
             Was a Believer of Vehumet.
             Slain by a vampire mosquito (8 damage)
             ... on level 9 of the Dungeon.
             The game lasted 00:33:07 (11751 turns).

pokeman the Thaumaturge (Deep Elf Hedge Wizard)    Turns: 11751, Time: 00:33:08

Health: -3/60      AC:  5    Str: 13    XL:     11   Next: 5%
Magic:  11/31      EV: 12    Int: 23    God:    Vehumet [**....]
Gold:   513        SH:  0    Dex: 14    Spells: 18/39 levels left

rFire   . . .      SeeInvis .   u - +1 whip (elec)
rCold   . . .      Faith    .   (no shield)
rNeg    . . .      Spirit   .   o - +0 leather armour
rPois   .          Reflect  .   q - +1 hat
rElec   .          Harm     .   (no cloak)
rCorr   .          Rampage  .   b - +0 pair of gloves
Will    +....                   (no boots)
Stlth   ++........              e - amulet of regeneration
HPRegen 1.20/turn               H - +4 ring of slaying
MPRegen 0.22/turn               J - +6 ring of strength

@: on blink cooldown, slowed, very slow
A: no striking features
a: Renounce Religion


You were on level 9 of the Dungeon.
You worshipped Vehumet.
Vehumet was pleased with you.
You visited 2 branches of the dungeon, and saw 11 of its levels.
You also visited: Ossuary.

You collected 513 gold pieces.

Inventory:

Hand Weapons
 i - a +0 shortbow
 u - a +1 whip of electrocution (weapon)
 K - a +0 arbalest
Missiles
 m - 86 arrows
 E - 31 bolts
Armour
 b - a +0 pair of gloves (worn)
 l - a +0 buckler
 o - a +0 leather armour (worn)
 q - a +1 hat (worn)
Jewellery
 e - an amulet of regeneration (around neck)
 H - a +4 ring of slaying (left hand)
 J - a +6 ring of strength (right hand)
Wands
 t - a wand of flame (19)
Scrolls
 c - 3 scrolls of magic mapping {unknown}
 d - 4 scrolls of amnesia {unknown}
 f - 6 scrolls of teleportation {unknown}
 g - a scroll of noise {unknown}
 k - 2 scrolls of fear {unknown}
 s - 9 scrolls of identify {unknown}
 v - 3 scrolls of enchant weapon {unknown}
 w - a scroll of holy word {unknown}
 y - a scroll of silence {unknown}
 D - 2 scrolls of fog {unknown}
 F - a scroll of enchant armour {unknown}
 G - 2 scrolls of summoning {unknown}
 I - a scroll of immolation {unknown}
Potions
 a - 2 potions of curing
 h - 2 potions of attraction {unknown}
 j - 2 potions of resistance {unknown}
 n - a potion of haste
 p - 3 potions of flight {unknown}
 r - a potion of lignification {unknown}
 x - a potion of might {unknown}
 z - 3 potions of mutation {unknown}
 A - 2 potions of heal wounds {unknown}
 B - 2 potions of brilliance {unknown}
 C - 2 potions of invisibility {unknown}


   Skills:
 + Level 3.0 Fighting
 - Level 4.1 Armour
 - Level 3.2 Dodging
 - Level 3.2 Stealth
 - Level 3.0 Shields
 * Level 14.5 Spellcasting
 + Level 8.4 Conjurations
 - Level 1.1 Summonings
 - Level 1.1 Translocations
 + Level 0.2 Transmutations
 + Level 7.4 Fire Magic
 - Level 1.0 Air Magic
 - Level 1.0 Earth Magic
 - Level 1.0 Poison Magic
 - Level 1.0 Evocations


You had 18 spell levels left.
You knew the following spells:

 Your Spells              Type           Power      Damage    Failure   Level
a - Magic Dart            Conj           100%       1d8       1%          1
b - Mephitic Cloud        Conj/Pois/Air  32%        N/A       3%          3
c - Call Imp              Summ           21%        N/A       4%          2
d - Blink                 Tloc           42%        N/A       4%          2
e - Conjure Flame         Conj/Fire      52%        6-21      1%          3
f - Fireball              Conj/Fire      26%        3d12      4%          5
g - Stone Arrow           Conj/Erth      76%        3d11      1%          3
h - Wereblood             Tmut           17%        N/A       6%          2

Your spell library contained the following spells:

 Spells                   Type           Power      Damage    Failure   Level
 Shock                    Conj/Air       100%       1d9       1%          1
 Sting                    Tmut/Pois      76%        1d6       3%          1
 Animate Skeleton         Necr           32%        N/A       4%          1
 Freeze                   Ice            64%        1d8       4%          1
 Pain                     Necr           64%        1d7       4%          1
 Slow                     Hex            64%        N/A       4%          1
 Ensorcelled Hibernation  Hex/Ice        32%        N/A       7%          2
 Hailstorm                Conj/Ice       36%        3d9       8%          4
 Spider Form              Tmut/Pois      19%        N/A       10%         3
 Portal Projectile        Hex/Tloc       38%        N/A       11%         3
 Frozen Ramparts          Ice            32%        1d5       13%         3
 Vampiric Draining        Necr           16%        2d7       13%         3
 Irradiate                Conj/Tmut      18%        3d19      21%         5
 Starburst                Conj/Fire      26%        6d8       26%         6
 Animate Armour           Summ/Erth      42%        N/A       28%         4
 Blade Hands              Tmut           8%         N/A       73%         5
 Excruciating Wounds      Necr           8%         N/A       77%         5
 Ignition                 Fire           25%        3d8       100%        8
 Lehudib's Crystal Spear  Conj/Erth      19%        10d6      100%        8


Dungeon Overview and Level Annotations

Branches:
Dungeon (10/15)            Temple (1/1) D:6            Lair (0/6) D:9
Ossuary (visited)
    Orc: D:9-12

Altars:
Cheibriados
Dithmenos
Elyvilon
Fedhas
Gozag
Hepliaklqana
Kikubaaqudgha
Makhleb
Okawaru
Qazlal
Ru
Sif Muna
Trog
Uskayaw
Vehumet
Wu Jian
Xom
Yredelemnul
Zin
The Shining One
Lugonu

Shops:
D:4 :


Message History

You hear a roar!
You hear a shout!
The vampire mosquito bites you!
The vampire mosquito draws strength from your injuries!
The vampire mosquito bites you!
The vampire mosquito draws strength from your injuries!
The wraith closely misses you. The vampire mosquito bites you.
* * * LOW HITPOINT WARNING * * *
The vampire mosquito draws strength from your injuries!
The troll closely misses you.
The troll claws you but does no damage. x2
The wraith barely misses you. The vampire mosquito bites you!
* * * LOW HITPOINT WARNING * * *
The vampire mosquito draws strength from your injuries!
The vampire mosquito misses you.
You climb upwards.
You feel sick.
You are no longer poisoned.
There is a stone staircase leading down here.
Unknown command.
Casting: Fireball (dangerous; 4% risk of failure)
Confirm with . or Enter, or press ? or * to list all spells.
You blink.
The vampire mosquito bites you.
* * * LOW HITPOINT WARNING * * *
The vampire mosquito draws strength from your injuries!
Unknown command.
Casting: Blink (safe; 4% risk of failure)
Confirm with . or Enter, or press ? or * to list all spells.
Aiming: Fireball (dangerous; 4% risk of failure)
Press: ? - help, Shift-Dir - straight line, f - troll
Aim: a troll (moderately wounded)
The fireball explodes!
The fireball engulfs the troll!
The troll is heavily wounded.
The fireball engulfs the vampire mosquito!
The vampire mosquito is heavily damaged.
The fireball engulfs the vampire mosquito!!
You destroy the vampire mosquito!
Vehumet accepts your kill.
You feel your power returning.
The fireball engulfs the wraith!!
You destroy the wraith!
Vehumet accepts your kill.
You feel your power returning. The vampire mosquito bites you!
You die...

#....................##########
################.....# #.....#
###)### ######### #.# #.......#
##.# ###.......### #..# ######
..'.......'.# ###'### #.....
###.......#.###.@)..#### #.....
#.........#..##.y...'..# #.....
#.#.......##..#T....##.#####.....
#(...P....###.#§....##.....#.....
#.........PP#.'.....######.'.....
...........PP##.....# ###.....
.....≈≈≈≈...###.....# #.....
≈...≈≈.≈≈≈≈..####'### ##'###
P..≈≈###≈≈≈≈.# #.##### #÷...


You could see a troll and a vampire mosquito.

Vanquished Creatures
  3 two-headed ogres
  Pikel (D:5)
  7 yaks
  A wyvern (D:9)
  A wraith (D:9)
  A steam dragon (D:9)
  A basilisk (D:9)
  A vampire mosquito (D:9)
  2 water moccasins
  3 sky beasts
  3 orc warriors
  A hornet zombie (D:6)
  An ice beast (D:6)
  2 black bears
  5 ogres
  2 centaurs
  A phantom (D:5)
  2 elf zombies (Ossuary)
  A kobold brigand (D:10)
  5 scorpions
  A water moccasin zombie (D:5)
  A water moccasin skeleton (D:5)
  4 killer bees (D:7)
  2 oklob saplings (D:9)
  10 wights
  An electric eel (D:6)
  6 centaur zombies
  3 bullfrog zombies
  A centaur skeleton (D:4)
  4 hounds
  6 orc priests
  2 gnoll shamans
  A human zombie (Ossuary)
  A jelly (D:3)
  An iguana (D:5)
  9 orc wizards
  Ijyb (D:5)
  2 hound zombies (Ossuary)
  A hound skeleton (D:4)
  3 mummies (Ossuary)
  12 adders
  3 gnolls (D:5)
  A shadow imp (D:7)
  2 white imps
  2 ufetubi
  2 adder zombies (Ossuary)
  A worm (D:4)
  2 dart slugs
  20 orcs
  12 ball pythons
  6 bats
  4 endoplasms
  4 giant cockroaches
  10 goblins
  8 hobgoblins
  3 jackals
  6 kobolds
  2 quokkas (D:3)
  A frilled lizard (D:1)
  A goblin zombie (Ossuary)
  3 hobgoblin zombies (Ossuary)
  5 jackal zombies (Ossuary)
  4 kobold zombies (Ossuary)
  3 orc zombies (Ossuary)
  3 quokka zombies (Ossuary)
  10 rats
  5 rat zombies (Ossuary)
239 creatures vanquished.

Vanquished Creatures (others)
  30 plants
30 creatures vanquished.

Grand Total: 269 creatures vanquished

Notes
Turn   | Place    | Note
-------+----------+-------------------------------------------
     0 | D:1      | pokeman the Deep Elf Hedge Wizard began the quest for the
                  | Orb.
     0 | D:1      | Reached XP level 1. HP: 10/10 MP: 7/7
   479 | D:1      | Reached XP level 2. HP: 16/16 MP: 4/9
   750 | D:1      | Found a faded altar of an unknown god.
  1064 | D:1      | Reached skill level 5 in Spellcasting
  1443 | D:2      | Reached XP level 3. HP: 20/20 MP: 8/11
  1447 | D:2      | Learned a level 3 spell: Mephitic Cloud
  1450 | D:2      | Learned a level 2 spell: Call Imp
  1453 | D:2      | Learned a level 2 spell: Blink
  1457 | D:2      | Learned a level 3 spell: Conjure Flame
  1472 | D:2      | You fall into a shaft and drop 2 floors!
  1472 | D:4      | Found an ornate altar of the Wu Jian Council.
  1559 | D:4      | Reached skill level 1 in Fighting
  1559 | D:4      | Reached skill level 1 in Armour
  1697 | D:3      | Reached XP level 4. HP: 19/25 MP: 4/13
  2025 | D:3      | Found a bloodstained altar of Trog.
  2056 | D:3      | Found an iron altar of Okawaru.
  2063 | D:3      | Found a white marble altar of Elyvilon.
  2070 | D:3      | Found a stormy altar of Qazlal.
  2078 | D:3      | Found a glowing golden altar of the Shining One.
  2094 | D:3      | Found a shimmering blue altar of Sif Muna.
  2099 | D:3      | Found a basalt altar of Yredelemnul.
  2995 | D:2      | Reached skill level 1 in Fire Magic
  3089 | D:2      | Reached skill level 6 in Spellcasting
  3606 | D:3      | Noticed an ogre
  3617 | D:3      | Killed an ogre
  3618 | D:3      | Reached skill level 1 in Air Magic
  3618 | D:3      | Reached XP level 5. HP: 29/29 MP: 6/15
  3730 | D:3      | Found a burning altar of Makhleb.
  3730 | D:3      | Noticed an Executioner
  4278 | D:4      | Reached XP level 6. HP: 18/34 MP: 13/17
  4290 | D:4      | Reached skill level 1 in Poison Magic
  4303 | D:4      | Reached skill level 1 in Shields
  4303 | D:4      | Reached skill level 7 in Spellcasting
  4304 | D:5      | Entered Level 5 of the Dungeon
  4471 | D:5      | Noticed a sky beast
  4485 | D:5      | Killed a sky beast
  4486 | D:5      | Reached XP level 7. HP: 30/38 MP: 12/20
  4702 | D:5      | Reached skill level 8 in Spellcasting
  4702 | D:5      | Noticed Ijyb
  4745 | D:5      | Killed Ijyb
  4894 | D:5      | Learned a level 5 spell: Fireball
  4915 | D:5      | Noticed Pikel
  4941 | D:5      | Killed Pikel
  4942 | D:5      | Reached skill level 9 in Spellcasting
  4942 | D:5      | Reached XP level 8. HP: 40/43 MP: 10/23
  5279 | D:4      | Found a shadowy altar of Dithmenos.
  5424 | D:4      | Found a hazy altar of Hepliaklqana.
  5573 | D:4      | Reached skill level 5 in Conjurations
  5709 | D:4      | Found Oduffew's Book Shoppe.
  6231 | D:4      | Reached skill level 10 in Spellcasting
  6628 | D:6      | Found a sand-covered staircase.
  6633 | Ossuary  | Entered an ossuary
  7034 | Ossuary  | Reached XP level 9. HP: 47/47 MP: 22/25
  7236 | D:6      | Learned a level 3 spell: Stone Arrow
  7415 | D:6      | Reached skill level 1 in Evocations
  7438 | D:6      | Reached skill level 11 in Spellcasting
  7445 | D:6      | Reached skill level 1 in Earth Magic
  7679 | D:6      | Found a staircase to the Ecumenical Temple.
  7688 | Temple   | Entered the Ecumenical Temple
  7770 | Temple   | Became a worshipper of Vehumet
  8087 | D:7      | Reached skill level 5 in Fire Magic
  9093 | D:8      | Reached skill level 12 in Spellcasting
  9330 | D:8      | Reached * piety under Vehumet
  9330 | D:8      | Offered knowledge of Sandblast by Vehumet.
  9343 | D:8      | Reached XP level 10. HP: 28/52 MP: 18/28
  9542 | D:8      | Noticed a two-headed ogre
  9643 | D:8      | Killed a two-headed ogre
  9644 | D:8      | Reached skill level 13 in Spellcasting
  9949 | D:8      | Noticed a two-headed ogre
  9957 | D:8      | Killed a two-headed ogre
 10430 | D:8      | Found an opulent altar of Gozag.
 10621 | D:9      | Noticed a two-headed ogre
 10630 | D:9      | Killed a two-headed ogre
 10631 | D:9      | Reached skill level 14 in Spellcasting
 10747 | D:9      | Found a staircase to the Lair.
 10897 | D:9      | Reached ** piety under Vehumet
 10941 | D:9      | Offered knowledge of Shock by Vehumet.
 11241 | D:9      | Reached XP level 11. HP: 38/59 MP: 12/31
 11637 | D:9      | Got the Handbook of Shifting Poisoning
 11641 | D:9      | Learned a level 2 spell: Wereblood
 11742 | D:10     | Entered Level 10 of the Dungeon
 11750 | D:9      | HP: 3/60 [vampire mosquito (3)]
 11751 | D:9      | Slain by a vampire mosquito

Illustrated notes

Levels and vault maps discovered:
D:1:      dpeg_arrival_rooms_b, layout_basic,
          hellmonk_ecumenical_altar_leap_of_faith, serial_bayou_lagoon_a,
          chequers_serial_rivers_room_a
D:2:      minmay_wonky_spiral, layout_loops_ring, minmay_misc_feat_more_columns,
          kennysheep_cross_room, corexii_leaking_fountain
D:3:      layout_basic, grunt_temple_overflow_octagram,
          makhleb_altar_promises_db
D:4:      kennysheep_big_flooded_room, layout_basic,
          mainiacjoe_overflow_catch_the_wave, nicolae_overflow_hidden_temple,
          serial_shops, shop, minmay_stone_trees_large
D:5:      layout_basic, uniq_pikel, uniq_ijyb
D:6:      cheibrodos_helix_gallery, layout_loops_ring, temple_statues,
          serial_glass, glass_columns_a, glass_columns_b, enter_ossuary_5
D:7:      layout_loops_corners, nicolae_sextant
D:8:      layout_cave_pools, nicolae_gozag_cash_rules_everything_around_me
D:9:      layout_roguey, david_lair_generic, introduction_to_nature_1
D:10:     minmay_s_stair_smasher, layout_rooms, lemuel_coloured_pillars_altar,
          orc_0_dummy, amcnicky_mini_pool_small, hive_lemuel, uniq_maurice
Temple:   kb_corrupted_temple

Skill      XL: |  1  2  3  4  5  6  7  8  9 10 11 |
---------------+----------------------------------+-----
Spellcasting   | 5 6 7 9 10 12 14 | 14.5
Fighting       | 1 2 3 |  3.0
Armour         | 1 2 3 4 |  4.1
Conjurations   | 2 3 4 5 7 8 |  8.4
Fire Magic     | 1 3 4 5 7 |  7.4
Dodging        | 3 |  3.2
Air Magic      | 1 |  1.0
Poison Magic   | 1 |  1.0
Shields        | 1 2 3 |  3.0
Stealth        | 3 |  3.2
Evocations     | 1 |  1.0
Earth Magic    | 1 |  1.0
Summonings     | |  1.1
Translocations | |  1.1
Transmutations | |  0.2

Action                   |  1- 3 |  4- 6 |  7- 9 | 10-12 || total
-------------------------+-------+-------+-------+-------++-------
Melee: Dagger            |     2 |       |       |       ||     2
       Spear             |       |    20 |    26 |       ||    46
       Whip              |       |       |   110 |    23 ||   133
 Cast: Magic Dart        |    76 |   102 |   130 |    38 ||   346
       Mephitic Cloud    |     1 |     4 |    16 |     6 ||    27
       Conjure Flame     |       |     4 |    33 |     5 ||    42
       Call Imp          |       |       |     2 |       ||     2
       Stone Arrow       |       |       |    14 |    60 ||    74
       Blink             |       |       |     1 |     1 ||     2
       Fireball          |       |       |       |    12 ||    12
  Use: Potion            |       |       |     1 |       ||     1
 Stab: Sleeping          |       |     1 |       |       ||     1
       Confused          |       |     2 |     5 |     2 ||     9
Armor: Robe              |     2 |     1 |       |       ||     3
       Leather armour    |       |     5 |    53 |    14 ||    72
Dodge: Dodged            |    11 |    13 |   106 |    40 ||   170

Table legend: (Time is in decaauts)
 A = Elapsed time spent in this place.
 B = Non-inter-level travel time spent in this place.
 C = Inter-level travel time spent in this place.
 D = Time resting spent in this place.
 E = Time spent auto-exploring this place.
 F = Levels seen in this place.
 G = Mean time per level.
                   A        B        C        D        E       F      G
               +--------+--------+--------+--------+--------+-----+--------+
         Total |  11809 |  11308 |    501 |    723 |   8640 |  12 |  984.1 |
       Dungeon |  11205 |  10721 |    484 |    584 |   8476 |  10 | 1120.5 |
        Temple |    100 |     83 |     17 |      0 |     63 |   1 |  100.0 |
       Ossuary |    502 |    502 |      0 |    139 |    101 |   1 |  502.0 |
               +--------+--------+--------+--------+--------+-----+--------+

Top non-repeatable levels by time:
     D:7: 1626 daAuts
     D:3: 1474 daAuts
     D:1: 1450 daAuts
     D:4: 1288 daAuts
     D:9: 1194 daAuts
     D:2: 1181 daAuts
     D:5: 1150 daAuts
     D:6: 932 daAuts
     D:8: 899 daAuts
 Ossuary: 502 daAuts
  Temple: 100 daAuts
    D:10: 8 daAuts
